 Dungeon Crawl Stone Soup version 0.24-a0-581-gc0fa6600bf (webtiles) character file.

Game seed: 10353070082107289315

109 Argons the Grasshopper (level 4, 22/22 HPs)
             Began as a Felid Warper on Aug 24, 2019.
             Quit the game on level 2 of the Dungeon.
             The game lasted 00:25:26 (4472 turns).

Argons the Grasshopper (Felid Warper)               Turns: 4472, Time: 00:25:27

Health: 22/22      AC:  1    Str:  7    XL:     4   Next: 60%
Magic:  8/8        EV: 18    Int: 15    God:
Gold:   197        SH:  0    Dex: 16    Spells: 5/7 levels left
                                        Lives:  0   Deaths: 1

rFire    . . .     SeeInvis +     - Unarmed
rCold    . . .     Gourm    .   (shield unavailable)
rNeg     . . .     Faith    .   (armour unavailable)
rPois    .         Spirit   .   (helmet unavailable)
rElec    .         Reflect  .   (cloak unavailable)
rCorr    .         Harm     .   (gloves unavailable)
MR       .....                  (boots unavailable)
Stlth    +++.......             (no amulet)
HPRegen  0.07/turn              (no ring)
MPRegen  0.11/turn              (no ring)

@: quick
A: very small, no armour, no weapons or thrown items, stealth, claws 1, fangs 3,
see invisible, carnivore, speed 1, shaggy fur 1, slow metabolism 1, sharp paws
a: no special abilities


You were on level 2 of the Dungeon.
You were not hungry.

You visited 1 branch of the dungeon, and saw 4 of its levels.

You collected 197 gold pieces.

Inventory:

Jewellery
 m - an uncursed ring of fire {unknown}
 p - an uncursed ring of protection from cold {unknown}
Scrolls
 b - a scroll of blinking
 i - a scroll of remove curse
Potions
 a - a potion of berserk rage {unknown}
 e - a potion of agility {unknown}
 f - a potion of brilliance {unknown}
 g - 2 potions of haste {unknown}
 h - a potion of heal wounds {unknown}
 j - a potion of resistance {unknown}
 k - a potion of lignification {unknown}
 l - a potion of mutation {unknown}
 n - a potion of flight {unknown}
Comestibles
 c - 2 rations


   Skills:
 + Level 3.8 Fighting
 - Level 3.2 Dodging
 + Level 4.0 Stealth
 + Level 3.8 Unarmed Combat
 - Level 2.0 Spellcasting
 - Level 4.4 Translocations


You had 5 spell levels left.
You knew the following spells:

 Your Spells              Type           Power        Failure   Level  Hunger
a - Shroud of Golubria    Chrm/Tloc      #.....       14%         2    ###....

Your spell library contained the following spells:

 Spells                   Type           Power        Failure   Level  Hunger
 Blink                    Tloc           N/A          5%          2    ###....
 Gell's Gravitas          Tloc           ##........   11%         3    ###....
 Lesser Beckoning         Tloc           ##........   11%         3    ###....
 Teleport Other           Tloc           ##......     11%         3    ###....
 Passage of Golubria      Tloc           N/A          36%         4    #####..


Dungeon Overview and Level Annotations

Branches:
Dungeon (4/15)             Temple (0/1) D:4

Altars:
Gozag

Annotations:
D:4 !thogre


Innate Abilities, Weirdness & Mutations

You cannot wear armour.
You are incapable of wielding weapons or throwing items.
Your paws allow you to move quietly. (Stealth)
You have sharp claws.
You have razor-sharp teeth.
You have supernaturally acute eyesight. (SInv)
You are carnivorous and can eat meat at any time.
You cover ground quickly.
You are covered in fur. (AC +1)
You have a slow metabolism.
Your sharp claws are effective at attacking unaware monsters.


Message History

* * * LOW HITPOINT WARNING * * *
You scratch the orc wizard but do no damage.
You bite the orc wizard, but do no damage.
The orc wizard is severely wounded.
The orc wizard hits you but does no damage.
The orc wizard completely misses you.
Okay, then.
As you read the scroll of fear, it crumbles to dust.
You assume a fearsome visage.
The orc wizard looks frightened!
The orc wizard casts a spell.
The orc wizard flickers and vanishes for a moment.
You scratch the orc wizard.
Your attack snaps the orc wizard out of its fear.
The orc wizard is almost dead.
The orc wizard points at you and mumbles some strange words.
The puff of flame hits you!
You die...
You are now level 4!
You rejoin the land of the living...
Are you sure you want to abandon this character and quit the game? (Confirm with "yes".)

#.......# ########
#.#####.# #......#
#.##...<.
#......#####)##.....
#.......[.>.........
#.......##.#.##.....
#.......##...>......
#.......##..........
#..@....##.####.....
#............##.....
##########.#.##.....
## #.#....)### ....
#.#####.# ..... #.#
#.# .....####.# #.#
..........# #.#
..........#####.###


There were no monsters in sight!

Vanquished Creatures
  An orc wizard (D:3)
  A worker ant (D:2)
  8 adders
  2 gnolls (D:2)
  2 worms (D:3)
  A dart slug (D:1)
  8 orcs
  2 giant cockroaches
  9 goblins
  8 hobgoblins
  4 jackals
  9 bats
  3 frilled lizards
  3 kobolds
  3 rats
64 creatures vanquished.

Notes
Turn   | Place    | Note
-------+----------+-------------------------------------------
     0 | D:1      | Argons the Felid Warper began the quest for the Orb.
     0 | D:1      | Reached XP level 1. HP: 9/9 MP: 4/4
   304 | D:1      | Reached XP level 2. HP: 12/13 MP: 6/6
   308 | D:1      | Learned a level 2 spell: Shroud of Golubria
   584 | D:1      | Reached skill level 1 in Stealth
  1129 | D:2      | Reached XP level 3. HP: 16/16 MP: 1/7
  1449 | D:4      | Reached XP level 4. HP: 21/21 MP: 8/8
  1585 | D:4      | Found a staircase to the Ecumenical Temple.
  1592 | D:4      | Noticed a two-headed ogre
  1909 | D:3      | Noticed a phantom
  2715 | D:3      | Reached XP level 5. HP: 21/24 MP: 9/9
  2804 | D:2      | Found an opulent altar of Gozag.
  4471 | D:2      | Killed from afar by an orc wizard
  4472 | D:2      | Reached XP level 4. HP: -6/22 MP: 8/8
  4472 | D:2      | Quit the game

Levels and vault maps discovered:
D:1:      ebering_trefoil_3fold, layout_rooms, hex_medium
D:2:      layout_basic, grunt_gozag_breadcrumbs
D:3:      layout_loops_ring, minivault_14
D:4:      layout_loops_ring, marbit_many_paths, minmay_temple_entry_junction,
          first_ration, minmay_cut_off, uniq_edmund

Skill      XL: |  1  2  3  4  5 |
---------------+----------------+-----
Stealth        | 1 2 3 4 |  4.0
Fighting       | 3 |  3.8
Unarmed Combat | 3 |  3.8
Dodging        | |  3.2
Spellcasting   | |  2.0
Translocations | |  4.4

Action                   |  1- 3 |  4- 6 || total
-------------------------+-------+-------++-------
Melee: Unarmed           |   105 |   165 ||   270
       Bite              |     4 |    19 ||    23
       Punch             |     1 |     2 ||     3
 Cast: Shroud of Golubri |     2 |    11 ||    13
  Use: Scroll            |     7 |     4 ||    11
       Potion            |       |     2 ||     2
 Stab: Sleeping          |    10 |     1 ||    11
  Eat: Chunk             |     9 |     6 ||    15
Armor: Skin              |     1 |     5 ||     6
Dodge: Dodged            |    80 |    95 ||   175

Table legend:
 A = Non-vault XP
 B = Vault XP
 C = Vault XP percentage of total XP
 D = Non-vault monster count
 E = Vault monster count
 F = Vault count percentage of total count
                 A         B        C        D         E       F
            +---------+---------+-------+---------+---------+-------
      Total |     305 |       3 |   1.0 |      63 |       1 |   1.6
            +---------+---------+-------+---------+---------+-------
        D:1 |      39 |       0 |   0.0 |      22 |       0 |   0.0
        D:2 |     117 |       0 |   0.0 |      20 |       0 |   0.0
        D:3 |     107 |       0 |   0.0 |      17 |       0 |   0.0
        D:4 |      42 |       3 |   6.7 |       4 |       1 |  20.0
            +---------+---------+-------+---------+---------+-------
